 Dungeon Crawl Stone Soup version 0.30-a0-305-g026cb31310 (webtiles) character file.

Game seed: 3249988148137101492

252 pokeman the Magician (level 5, 0/29 HPs)
             Began as a Deep Elf Hedge Wizard on Oct 21, 2022.
             Slain by a gnoll
             ... wielding a +0 whip
             ... led by a gnoll bouda
              (2 damage)
             ... on level 4 of the Dungeon.
             The game lasted 00:08:37 (3853 turns).

pokeman the Magician (Deep Elf Hedge Wizard)        Turns: 3853, Time: 00:08:38

Health: 0/29       AC:  5    Str:  7    XL:     5   Next: 89%
Magic:  7/16       EV: 12    Int: 21    God:
Gold:   208        SH:  0    Dex: 14    Spells: 9/17 levels left

rFire   . . .      SeeInvis .    x - +7 club
rCold   . . .      Faith    .    (no shield)
rNeg    . . .      Spirit   .    h - +0 leather armour
rPois   .          Reflect  .    g - +0 helmet
rElec   .          Harm     .    o - scarf {shadows}
rCorr   .          Rampage  .    i - +0 pair of gloves
Will    .....                    (no boots)
Stlth   ++........               (no amulet)
HPRegen 0.24/turn                (no ring)
MPRegen 0.15/turn                (no ring)

@: no status effects
A: no striking features
a: no special abilities


You were on level 4 of the Dungeon.
You visited 1 branch of the dungeon, and saw 4 of its levels.

You collected 208 gold pieces.

Inventory:

Hand Weapons
 x - a +7 club (weapon)
Missiles
 y - a throwing net
Armour
 g - a +0 helmet (worn)
 h - a +0 leather armour (worn)
 i - a +0 pair of gloves (worn)
 o - a scarf of shadows (worn)
 p - a +0 ring mail of cold resistance
Magical Staves
 v - a staff of death
Wands
 q - a wand of iceblast (6)
Scrolls
 b - 2 scrolls of enchant weapon {unknown}
 e - a scroll of fear {unknown}
 r - 3 scrolls of identify {unknown}
 s - a scroll of noise {unknown}
 t - a scroll of teleportation {unknown}
 u - a scroll of blinking {unknown}
Potions
 a - 2 potions of heal wounds
 c - 3 potions of mutation {unknown}
 d - a potion of magic
 f - 3 potions of haste {unknown}
 j - a potion of invisibility {unknown}
 k - a potion of degeneration {unknown}
 l - a potion of flight {unknown}
 m - a potion of brilliance {unknown}
 n - 4 potions of curing {unknown}
 w - a potion of ambrosia {unknown}


   Skills:
 - Level 1.0 Fighting
 - Level 1.0 Armour
 - Level 3.0 Dodging
 - Level 3.0 Stealth
 * Level 6.5 Spellcasting
 + Level 3.0 Conjurations
 - Level 1.1 Summonings
 - Level 1.1 Translocations
 + Level 1.2 Air Magic
 + Level 0.5 Poison Magic
 - Level 1.0 Evocations


You had 9 spell levels left.
You knew the following spells:

 Your Spells              Type           Power      Damage    Failure   Level
a - Magic Dart            Conj           76%        1d6       4%          1
b - Mephitic Cloud        Conj/Pois/Air  13%        N/A       21%         3
c - Call Imp              Summ           11%        N/A       13%         2
d - Blink                 Tloc           22%        N/A       13%         2

Your spell library contained the following spells:

 Spells                   Type           Power      Damage    Failure   Level
 Slow                     Hex            24%        N/A       14%         1
 Cigotuvi's Dreadful Rot  Necr/Pois/Air  18%        N/A       16%         2


Dungeon Overview and Level Annotations

Branches:
Dungeon (4/15)
 Temple: D:4-7

Altars:
Trog


Message History

A gnoll comes into view. It is wielding a +0 whip.
Unknown command.
You bump into the rock wall.
You are engulfed in noxious fumes.
You choke on the stench!
You are more confused.
The gnoll bouda is engulfed in noxious fumes.
The gnoll bouda appears confused.
The gnoll is engulfed in noxious fumes.
The gnoll appears confused.
The gnoll hits the gnoll bouda with a +0 whip.
Things that are here:
a +0 club; a +0 chain mail You feel less confused.
The gnoll is engulfed in noxious fumes.
The gnoll appears confused.
You barely miss the gnoll bouda.
The gnoll bouda is moderately wounded.
The gnoll bouda hits you with a +0 club.
The gnoll bouda hits itself with a +0 club.
The gnoll barely misses the gnoll bouda.
You hit the gnoll bouda but do no damage.
The gnoll bouda is heavily wounded.
The gnoll hits the gnoll bouda with a +0 whip!
The gnoll bouda hits the gnoll with a +0 club!
A gnoll comes into view. It is wielding a +1 antimagic flail.
The gnoll shouts!
You hit the gnoll bouda.
You kill the gnoll bouda!
The gnoll hits you with a +0 whip.
Your Conjurations skill increases to level 3!
You barely miss the gnoll.
The gnoll is severely wounded.
The gnoll closely misses you.
You barely miss the gnoll.
The gnoll is severely wounded.
The gnoll hits you with a +0 whip.
* * * LOW HITPOINT WARNING * * *
A scorpion comes into view.
The gnoll hits you with a +1 antimagic flail.
* * * LOW HITPOINT WARNING * * *
The gnoll hits you with a +0 whip.
You die...

.########.#######
#..............#
#..............#
#.......<......#
.
#.....##..######
..
########..##...#
... #........#
....
#.......g#.s...
##..##.@g).....
#..##'###.....
#..#.). ....
...#.... ...
....#..... ..
.##..#...... .
#.......


You could see a scorpion and 2 gnolls.

Vanquished Creatures
  A gnoll bouda (D:4)
  Jessica (D:3)
  Terence (D:2)
  An orc wizard (D:4)
  4 adders
  2 gnolls
  2 worms
  7 orcs (D:4)
  2 bats
  3 endoplasms
  3 giant cockroaches
  8 goblins
  6 hobgoblins
  8 jackals
  4 quokkas
  6 ball pythons
  4 frilled lizards
  11 kobolds
  3 rats
77 creatures vanquished.

Notes
Turn   | Place    | Note
-------+----------+-------------------------------------------
     0 | D:1      | pokeman the Deep Elf Hedge Wizard began the quest for the
                  | Orb.
     0 | D:1      | Reached XP level 1. HP: 10/10 MP: 7/7
   205 | D:1      | Reached XP level 2. HP: 16/16 MP: 5/9
   932 | D:1      | Reached skill level 5 in Spellcasting
  1056 | D:1      | Reached XP level 3. HP: 20/20 MP: 4/11
  1069 | D:1      | Learned a level 3 spell: Mephitic Cloud
  1073 | D:1      | Learned a level 2 spell: Call Imp
  1076 | D:1      | Learned a level 2 spell: Blink
  1344 | D:1      | Reached skill level 1 in Fighting
  1687 | D:2      | Reached skill level 1 in Armour
  1873 | D:2      | Reached XP level 4. HP: 25/25 MP: 9/13
  2089 | D:2      | Found a bloodstained altar of Trog.
  2090 | D:2      | Noticed Terence
  2144 | D:2      | Killed Terence
  2985 | D:3      | Noticed Jessica
  2990 | D:3      | Killed Jessica
  2991 | D:3      | Reached skill level 6 in Spellcasting
  2991 | D:3      | Reached XP level 5. HP: 29/29 MP: 8/15
  3746 | D:4      | Reached skill level 1 in Evocations
  3828 | D:4      | Reached skill level 1 in Air Magic
  3853 | D:4      | Slain by a gnoll

Illustrated notes

Levels and vault maps discovered:
D:1:      minmay_arrival_wavy_path, layout_basic
D:2:      layout_basic, basic_altar, uniq_terence
D:3:      layout_basic, kennysheep_boxes, uniq_jessica
D:4:      layout_gridville, slow_altar_1, minmay_fractal_squares_gapless_5

Skill      XL: |  1  2  3  4  5 |
---------------+----------------+-----
Spellcasting   | 5 6 |  6.5
Fighting       | 1 |  1.0
Armour         | 1 |  1.0
Conjurations   | 2 3 |  3.0
Stealth        | 3 |  3.0
Dodging        | 3 |  3.0
Evocations     | 1 |  1.0
Air Magic      | 1 |  1.2
Summonings     | |  1.1
Translocations | |  1.1
Poison Magic   | |  0.5

Action                   |  1- 3 |  4- 6 || total
-------------------------+-------+-------++-------
Melee: Dagger            |    50 |    10 ||    60
       Punch             |       |     1 ||     1
       Club              |       |    18 ||    18
Throw: Dart              |     4 |    13 ||    17
 Cast: Magic Dart        |   117 |   105 ||   222
       Mephitic Cloud    |     1 |     3 ||     4
       Call Imp          |       |     1 ||     1
 Stab: Sleeping          |     1 |       ||     1
Armor: Robe              |     5 |       ||     5
       Leather armour    |    29 |     8 ||    37
Dodge: Dodged            |    55 |    34 ||    89

Table legend: (Time is in decaauts)
 A = Elapsed time spent in this place.
 B = Non-inter-level travel time spent in this place.
 C = Inter-level travel time spent in this place.
 D = Time resting spent in this place.
 E = Time spent auto-exploring this place.
 F = Levels seen in this place.
 G = Mean time per level.
                   A        B        C        D        E       F      G
               +--------+--------+--------+--------+--------+-----+--------+
         Total |   3877 |   3772 |    105 |    405 |   2460 |   4 |  969.2 |
       Dungeon |   3877 |   3772 |    105 |    405 |   2460 |   4 |  969.2 |
               +--------+--------+--------+--------+--------+-----+--------+

Top non-repeatable levels by time:
     D:1: 1521 daAuts
     D:2: 1127 daAuts
     D:3: 905 daAuts
     D:4: 322 daAuts
